 Dungeon Crawl Stone Soup version 0.19-a0-1097-g38e3b35 (webtiles) character file.

1292 4thArraOfDagon the Grappler (level 8, -3/68 HPs)
             Began as a Troll Arcane Marksman on Aug 8, 2016.
             Was an Initiate of Dithmenos.
             Slain by Duvessa
             ... wielding a +0 short sword
              (9 damage)
             ... on level 5 of the Dungeon.
             The game lasted 00:06:47 (1467 turns).

4thArraOfDagon the Grappler (Troll Arcane Marksman) Turns: 1467, Time: 00:06:48

Health: -3/68      AC:  6    Str: 20    XL:     8   Next: 30%
Magic:  8/8        EV: 10    Int: 11    God:    Dithmenos [......]
Gold:   161        SH:  0    Dex:  9    Spells: 1 memorised, 8 levels left

rFire  . . .     SeeInvis .       - Unarmed
rCold  . . .     Gourm    +     a - +1 robe
rNeg   . . .     Faith    .     (no shield)
rPois  .         Spirit   .     (helmet restricted)
rElec  .         Dismiss  .     (no cloak)
rCorr  .         Reflect  .     (gloves unavailable)
SustAt .         Harm     .     (boots unavailable)
MR     .....                    (no amulet)
Stlth  +.........               (no ring)
                                s - ring of wizardry

@:
A: unfitting armour, claws 3, fast metabolism 3, gourmand, regeneration 2,
shaggy fur 1, tough skin 2
a: Renounce Religion


You were on level 5 of the Dungeon.
You worshipped Dithmenos.
Dithmenos was noncommittal.
You were full.

You visited 2 branches of the dungeon, and saw 8 of its levels.
You also visited: Ossuary.

You collected 161 gold pieces.

Inventory:

Missiles
 c - 3 large rocks (quivered)
 p - 7 javelins
Armour
 a - a +1 robe (worn)
Jewellery
 q - an uncursed ring of teleportation
 s - a ring of wizardry (left claw)
Wands
 m - a wand of slowing (9/48)
 y - a wand of flame (9/48)
Scrolls
 d - 2 scrolls of random uselessness {unknown}
 e - 2 scrolls of remove curse
 i - 2 scrolls of enchant armour
 j - a scroll of amnesia
 B - a scroll of recharging {unknown}
 C - a scroll of summoning
Potions
 g - a potion of flight {unknown}
 k - a potion of berserk rage {unknown}
 t - a potion of degeneration {unknown}
 u - a potion of brilliance {unknown}
 v - a potion of mutation {unknown}
 w - 2 potions of invisibility {unknown}
 x - a potion of magic {unknown}
 D - a potion of heal wounds {unknown}
 E - a potion of curing
Books
 b - a book of Debilitation

   Spells                             Type                      Level
   a - Corona                         Hexes                        1
   b - Slow                           Hexes                        2
   c - Gell's Gravitas                Hexes/Translocation          3
   d - Inner Flame                    Hexes/Fire                   3
   e - Cause Fear                     Hexes                        4
   f - Leda's Liquefaction            Hexes/Earth                  4
 r - a Necronomicon

   Spells                             Type                      Level
   a - Haunt                          Necromancy/Summoning         7
   b - Borgnjor's Revivification      Necromancy                   8
   c - Death's Door                   Charms/Necromancy            8
   d - Infestation                    Necromancy                   8
   e - Necromutation                  Transmutation/Necromancy     8
Comestibles
 f - 4 bread rations
 h - a royal jelly
 l - a beef jerky
 n - 3 fruits
 o - 3 meat rations
 A - a slice of pizza


   Skills:
 - Level 0.7 Fighting
 - Level 1.7 Throwing
 - Level 1.5 Dodging
 * Level 10.0 Unarmed Combat
 - Level 1.0 Spellcasting
 - Level 2.0 Hexes


You had 8 spell levels left.
You knew the following spells:

 Your Spells              Type           Power        Failure   Level  Hunger
a - Corona                Hex            #......      7%          1    ##.....


Dungeon Overview and Level Annotations

Branches:
Dungeon (7/15)             Temple (1/1) D:6

Altars:
Ashenzari
Cheibriados
Dithmenos
Kikubaaqudgha
Sif Muna
Uskayaw
Vehumet
Xom
Yredelemnul

Annotations:
D:5 Duvessa


Innate Abilities, Weirdness & Mutations

You are too large for most types of armour.
You have claws for hands.
Your metabolism is lightning-fast.
You like to eat raw meat.
You heal very quickly.
You are covered in fur. (AC +1)
You have very tough skin. (AC +2)


Message History

You claw Duvessa!
Duvessa is almost dead.
Duvessa hits you with a short sword!
* * * LOW HITPOINT WARNING * * *
Unknown command.
Unknown command.
Unknown command.
You barely miss Duvessa.
Duvessa is almost dead.
Duvessa hits you with a short sword!
* * * LOW HITPOINT WARNING * * *
The crimson imp blinks!
Unknown command.
Unknown command.
Unknown command.
You scratch Duvessa but do no damage.
Duvessa is almost dead.
The sentinel's mark upon you fades away.
Duvessa hits you with a short sword!
You die...

............##.#
#.###.##.#####.# e
#.##.## #.#
#.#.#.####.#
####...###.....#
#.....# #.###..#
..###. #.# #..######
e.# # #. #..##<..#
(>###.## #)#e@...#
....%.# #..##...#
$........####5####.##
ยง.####........# #.#
..# #######..# #.#
...Y ..##..# #.#
...## #.....# #.####
...# #.###.# #....#
.(.######.# #.#
####.#


You could see Duvessa (berserk) and a crimson imp.

Vanquished Creatures
  Sigmund (D:5)
  A water moccasin (D:7)
  An orc warrior (D:6)
  An ice beast (D:5)
  An ogre (D:5)
  2 elf zombies (Ossuary)
  Dowan (D:5)
  A scorpion (D:6)
  A howler monkey (D:5)
  2 crimson imps (D:5)
  2 centaur zombies (Ossuary)
  A human zombie (Ossuary)
  An orc priest (D:6)
  An orc wizard (D:5)
  Ijyb (D:3)
  4 worker ants
  A big kobold zombie (Ossuary)
  A hound zombie (Ossuary)
  3 mummies (Ossuary)
  2 adders (D:4)
  A shadow imp (D:5)
  An ooze (D:6)
  7 adder zombies (Ossuary)
  2 giant geckos (D:5)
  4 orcs
  A bat (D:1)
  3 giant cockroaches
  2 goblins
  2 jackals (D:6)
  A giant gecko zombie (D:5)
  2 giant newts (D:5)
  2 goblin zombies (Ossuary)
  A hobgoblin zombie (Ossuary)
  3 jackal zombies
  A kobold (D:3)
  8 kobold zombies (Ossuary)
  An orc zombie (Ossuary)
  4 quokka zombies
  A rat zombie (Ossuary)
76 creatures vanquished.

Notes
Turn   | Place    | Note
-------+----------+-------------------------------------------
     0 | D:1      | 4thArraOfDagon the Troll Arcane Marksman began the quest for the Orb.
     0 | D:1      | Reached XP level 1. HP: 18/18 MP: 1/1
     6 | D:1      | Noticed a redback
     6 | D:1      | Noticed a water moccasin
     6 | D:1      | Noticed a rime drake
    33 | D:1      | Reached skill level 1 in Unarmed Combat
   171 | D:3      | Noticed Ijyb
   184 | D:3      | Killed Ijyb
   184 | D:3      | Reached skill level 2 in Unarmed Combat
   184 | D:3      | Reached XP level 2. HP: 20/26 MP: 2/2
   184 | D:3      | Reached XP level 3. HP: 24/32 MP: 3/3
   253 | D:4      | Reached skill level 3 in Unarmed Combat
   317 | D:5      | Entered Level 5 of the Dungeon
   322 | D:5      | Noticed an ogre
   326 | D:5      | Killed an ogre
   326 | D:5      | Reached skill level 4 in Unarmed Combat
   326 | D:5      | Reached XP level 4. HP: 40/40 MP: 4/4
   354 | D:5      | Noticed Dowan
   369 | D:5      | Noticed Sigmund
   390 | D:5      | HP: 1/40 [something (11)]
   394 | D:5      | Killed Sigmund
   394 | D:5      | Reached skill level 5 in Unarmed Combat
   394 | D:5      | Reached XP level 5. HP: 7/46 MP: 5/5
   394 | D:5      | Reached XP level 6. HP: 8/54 MP: 6/6
   397 | D:5      | Reached skill level 6 in Unarmed Combat
   582 | D:5      | Found a shimmering altar of Xom.
   632 | D:5      | Found a sand-covered staircase.
   642 | Ossuary  | Entered an ossuary
   676 | Ossuary  | Reached skill level 7 in Unarmed Combat
   712 | Ossuary  | Reached XP level 7. HP: 48/61 MP: 7/7
   824 | Ossuary  | Reached skill level 8 in Unarmed Combat
   938 | D:5      | Noticed Duvessa
  1080 | D:7      | Reached skill level 9 in Unarmed Combat
  1148 | D:7      | Reached XP level 8. HP: 55/68 MP: 8/8
  1257 | D:6      | Found a staircase to the Ecumenical Temple.
  1266 | Temple   | Entered the Ecumenical Temple
  1289 | Temple   | Became a worshipper of Dithmenos the Shadowed
  1357 | D:6      | Found a shattered altar of Ashenzari.
  1378 | D:5      | Found a deep blue altar of Sif Muna.
  1420 | D:5      | Killed Dowan
  1420 | D:5      | Reached skill level 10 in Unarmed Combat
  1467 | D:5      | Slain by Duvessa

Vault maps used:
D:1:      onia_arrival_zoo_common, kennysheep_another_room
D:2:      tso_altar
D:3:      okawaru_trees_1, uniq_iyjb
D:4:      minmay_door_square, uniq_crazy_yiuf_cottage
D:5:      lemuel_crystal_altar, first_bread, basic_altar, enter_ossuary_4,
          uniq_duvessa, uniq_sigmund
D:6:      kennysheep_mini
Temple:   eino_temple_water
Ossuary:  minmay_ossuary_two_tombs

Skill      XL: |  1  2  3  4  5  6  7  8 |
---------------+-------------------------+-----
Unarmed Combat | 2 4 5 7 9 10 | 10.0
Fighting       | |  0.7
Throwing       | |  1.7
Dodging        | |  1.5
Spellcasting   | |  1.0
Hexes          | |  2.0

Action                   |  1- 3 |  4- 6 |  7- 9 || total
-------------------------+-------+-------+-------++-------
Melee: Unarmed           |    43 |   109 |   152 ||   304
       Punch             |       |       |     3 ||     3
Throw: Large rock        |     3 |       |       ||     3
       Throwing net      |       |     1 |     3 ||     4
  Use: Potion            |       |     2 |       ||     2
       Scroll            |       |       |     5 ||     5
 Stab: Held in net/web   |       |       |     3 ||     3
       Sleeping          |       |       |     1 ||     1
  Eat: Chunk             |     1 |     5 |     9 ||    15
Armor: Robe              |     8 |    26 |    42 ||    76
Dodge: Dodged            |    21 |    49 |    68 ||   138
